 Dungeon Crawl Stone Soup version 0.31-a0-1008-g5b978dac0e (webtiles) character file.

Game seed: 4350707518899805571

4 Amplified the Trooper (level 2, -7/26 HPs)
             Began as a Meteoran Fighter on Nov 12, 2023.
             Killed by an exploding endoplasm (28 damage)
             ... ignited by their inner flame
             ... on level 1 of the Dungeon.
             The game lasted 00:00:10 (63 turns).

Amplified the Trooper (Meteoran Fighter)              Turns: 63, Time: 00:00:10

Health: -7/26      AC:  6    Str: 17    XL:     2   Next: 0%
Magic:  3/3        EV:  9    Int:  9    God:
Gold:   0          SH:  5    Dex: 13    Spells: 1/1 levels left

rFire   . . .        a - +0 war axe
rCold   . . .        c - +0 buckler
rNeg    . . .        b - +0 scale mail
rPois   .            (no helmet)
rElec   .            (no cloak)
rCorr   .            (no gloves)
SInv    .            (no boots)
Will    .....        (no amulet) Stlth
                     (no ring)
HPRegen 0.24/turn    (no ring)
MPRegen 0.08/turn

%: no passive effects
@: glowing
A: sense surroundings 1, otherworldly, glowing, explore regen
a: no special abilities


You were on level 1 of the Dungeon.
You visited 1 branch of the dungeon, and saw 1 of its levels.

Inventory:

Hand Weapons
 a - a +0 war axe (weapon)
Armour
 b - a +0 scale mail (worn)
 c - a +0 buckler (worn)
Potions
 d - a potion of might


   Skills:
 * Level 3.4 Fighting
 * Level 2.5 Axes
 * Level 3.3 Armour
 * Level 3.3 Shields


You had one spell level left.
You didn't know any spells.
Your spell library was empty.

Dungeon Overview and Level Annotations

Branches:
Dungeon (1/15) Zot: 534

Altars:


Innate Abilities, Weirdness & Mutations

You passively map a small area around you.
You are easily found by Zot.
You glow in the dark.
You regain HP and MP as you explore.


Message History

The endoplasm jiggles.
You slash the rat!
You kill the rat!
You hit the giant cockroach.
The giant cockroach bites you but does no damage.
You block the giant cockroach's attack.
Unknown command.
You barely miss the giant cockroach.
The giant cockroach is severely wounded.
The giant cockroach barely misses you. The endoplasm completely misses you.
The giant cockroach bites you but does no damage.
You barely miss the giant cockroach.
The giant cockroach is severely wounded.
You hit the endoplasm. The endoplasm misses you.
The giant cockroach bites you but does no damage.
Unknown command.
You barely miss the giant cockroach.
The giant cockroach is severely wounded.
You hit the endoplasm.
You kill the endoplasm!
The giant cockroach closely misses you. You block the giant cockroach's attack.
Unknown command.
You slash the giant cockroach!
You kill the giant cockroach!
You have reached level 2!
Found 6 stones.
Found a stone staircase leading down.
e - a scroll labelled TORGHOH KECUNY
Found 2 boomerangs.
An endoplasm comes into view.
The endoplasm quivers.
As you read the scroll labelled TORGHOH KECUNY, it crumbles to dust.
The creatures around you are filled with an inner flame!
It was a scroll of immolation.
The endoplasm freezes you.
You are frozen.
You slash the endoplasm!
The endoplasm explodes!
The fiery explosion engulfs you!!
Ouch! That really hurt!
You die...

*
,*##########'######..#
, , ,,, .(##........#
* *### #.####'###### ,
..# #.#......# ..#*
#.#......# ..
#.#......# #§
#........# *
#§####........# ,
#§@.##........#
###..#........#
##(.........# + *
###>#......#* *
##########


There were no monsters in sight!

Vanquished Creatures
  2 endoplasms (D:1)
  2 giant cockroaches (D:1)
  A rat (D:1)
5 creatures vanquished.

Notes
Turn   | Place    | Note
-------+----------+-------------------------------------------
     0 | D:1      | Amplified the Meteoran Fighter began the quest for the Orb.
     0 | D:1      | Reached XP level 1. HP: 19/19 MP: 2/2
    41 | D:1      | Reached XP level 2. HP: 26/26 MP: 3/3
    63 | D:1      | Killed by an exploding endoplasm... ignited by their inner
                  | flame

Illustrated notes

Levels and vault maps discovered:
D:1:      co_arrival_random_square_maze, layout_basic, serial_shops,
          nicolae_shop_overgrown_old_shop

Action                     || total
---------------------------++-------
  Melee: War axe           ||     7
    Use: Scroll            ||     1
 Armour: Scale mail        ||     6
  Dodge: Dodged            ||     5
  Block: Buckler           ||     2

Table legend: (Time is in decaauts)
 A = Elapsed time spent in this place.
 B = Non-inter-level travel time spent in this place.
 C = Inter-level travel time spent in this place.
 D = Time resting spent in this place.
 E = Time spent auto-exploring this place.
 F = Levels seen in this place.
 G = Mean time per level.
                   A        B        C        D        E       F      G
               +--------+--------+--------+--------+--------+-----+--------+
         Total |     65 |     65 |      0 |      0 |     41 |   1 |   65.0 |
       Dungeon |     65 |     65 |      0 |      0 |     41 |   1 |   65.0 |
               +--------+--------+--------+--------+--------+-----+--------+

Top non-repeatable levels by time:
     D:1: 65 daAuts
